 Dungeon Crawl Stone Soup version 0.31-a0-1499-ge0622b2318 (webtiles) character file.

Game seed: 17438154992869000737

441 grandjackal the Chopper (level 6, -4/49 HPs)
             Began as a Demonspawn Gladiator on Dec 29, 2023.
             Slain by a gnoll bouda
             ... wielding a +0 whip
              (5 damage)
             ... on level 4 of the Dungeon.
             The game lasted 00:04:47 (4633 turns).

grandjackal the Chopper (Demonspawn Gladiator)      Turns: 4633, Time: 00:04:47

Health: -4/49      AC:  5    Str: 18    XL:     6   Next: 70%
Magic:  6/6        EV: 12    Int:  8    God:
Gold:   208        SH:  5    Dex: 15    Spells: 5/5 levels left

rFire   . . .        a - +0 war axe
rCold   + . .        l - +0 buckler
rNeg    . . .        w - +0 leather armour of Minor Irritation {rC+ Str+2 Stlth+}
rPois   .            c - +0 helmet
rElec   .            (no cloak)
rCorr   .            f - +0 pair of gloves
SInv    .            (no boots)
Will    .....        (no amulet)
Stlth   ++           (no ring)
HPRegen 0.28/turn    (no ring)
MPRegen 0.10/turn

%: no passive effects
@: no status effects
A: sturdy frame 1, weakness stinger 1
a: no special abilities


You were on level 4 of the Dungeon.
You visited 1 branch of the dungeon, and saw 5 of its levels.

You collected 222 gold pieces.
You spent 14 gold pieces at shops.

Inventory:

Hand Weapons
 a - a +0 war axe (weapon)
 q - a +0 flail
 v - a +0 mace of protection
Missiles
 d - 4 throwing nets (quivered)
 e - a javelin
 x - 4 silver javelins
Armour
 c - a +0 helmet (worn)
 f - a +0 pair of gloves (worn)
 j - a +0 ring mail
 l - a +0 buckler (worn)
 w - the +0 leather armour of Minor Irritation (worn) {rC+ Str+2 Stlth+}
   (You found it on level 3 of the Dungeon)

   Str+2:     It affects your strength (+2).
   rC+:       It protects you from cold.
   Stlth+:    It makes you more stealthy.
Jewellery
 b - a +5 ring of evasion
 y - a ring of magical power
Scrolls
 g - a scroll of enchant armour {unknown}
 h - 7 scrolls of identify {unknown}
 i - 2 scrolls of teleportation {unknown}
 k - 2 scrolls of vulnerability {unknown}
 n - a scroll of enchant weapon {unknown}
 o - 3 scrolls of amnesia {unknown}
 p - 2 scrolls of poison {unknown}
 r - a scroll of brand weapon {unknown}
 u - a scroll of acquirement {unknown}
 A - a scroll of revelation {unknown}
 B - a scroll of blinking {unknown}
Potions
 m - 2 potions of lignification {unknown}
 s - 2 potions of mutation {unknown}
 t - 2 potions of curing
 z - a potion of attraction {unknown}


   Skills:
 + Level 4.4 Fighting
 + Level 4.5 Axes
 - Level 2.0 Throwing
 - Level 3.0 Dodging
 + Level 3.0 Shields


You had 5 spell levels left.
You didn't know any spells.
Your spell library contained the following spells:

 Spells                   Type           Power      Damage    Failure   Level
 Apportation              Tloc           0%         N/A       50%         1
 Necrotise                Necr           0%         1d4       50%         1
 Sting                    Conj/Alch      0%         1d3       50%         1
 Summon Small Mammal      Summ           0%         N/A       50%         1


Dungeon Overview and Level Annotations

Branches:
Dungeon (5/15)             Temple (0/1) D:4

Altars:
Vehumet
Yredelemnul

Shops:
D:1 ?*(!?


Innate Abilities, Weirdness & Mutations

Your movements are slightly less encumbered by armour. (ER -2)
You have a small tail.


Message History

The bombardier beetle waves its antennae.
Unknown command.
The gnoll misses you.
The gnoll bouda gazes fiercely through you!
You feel your attacks grow feeble.
The gnoll bouda attacks as it pursues you!
The gnoll bouda hits you with a +0 whip.
There is a stone staircase leading up, spattered with blood here.
The gnoll hits you with a +0 spear.
The gnoll bouda hits you with a +0 whip.
You climb upwards.
There is a stone staircase leading down here.
Unknown command.
You hit the gnoll. You tail-slap the gnoll.
You kill the gnoll!
You barely miss the gnoll bouda.
The gnoll bouda hits you with a +0 whip.
* * * LOW HITPOINT WARNING * * *
Unknown command.
The gnoll bouda closely misses you.
Things that are here:
a +0 spear; a gnoll corpse Unknown command.
You barely miss the gnoll bouda.
The gnoll bouda is severely wounded.
Your attacks no longer feel as feeble.
The gnoll bouda barely misses you.
You closely miss the gnoll bouda.
The gnoll bouda is severely wounded.
The gnoll bouda hits you with a +0 whip!
* * * LOW HITPOINT WARNING * * *
The gnoll bouda barely misses you.
You completely miss the gnoll bouda.
Your tail-slap misses the gnoll bouda.
The gnoll bouda is severely wounded.
The gnoll bouda hits you with a +0 whip.
* * * LOW HITPOINT WARNING * * *
You closely miss the gnoll bouda. You tail-slap the gnoll bouda.
The gnoll bouda is severely wounded.
The gnoll bouda hits you with a +0 whip.
You die...

# #....#...†.#.....## ##..♣♣. #
#..###.###.###..## #...♣♣
##.#...# #..)#.## ##....
#.###.###.###.#########'.. #
#...#.....#...##.......#§§ ##
#####..###.###..###.####..#§§ )#
#.###....#.#........# ###†.. )#
#.....##.###.g#.##..#####....
)####.######....@>#........#...♣♣
)##...## ######.####.)####..♣♣.
##.....## #.......# #...♣..
........# #######.###..♣♣..
##.....## #...#..♣.._ ##...##
#####..♣... ##.## ##..... ###
###... ####


You could see a gnoll bouda.

Vanquished Creatures
  A scorpion (D:4)
  A howler monkey (D:4)
  A hound (D:4)
  Crazy Yiuf (D:4)
  A sleepcap (D:5)
  An iguana (D:4)
  Robin (D:4)
  9 gnolls
  5 adders
  3 dart slugs
  5 orcs (D:3)
  6 endoplasms
  2 giant cockroaches
  13 goblins
  5 hobgoblins
  5 quokkas
  6 ball pythons
  5 bats
  6 frilled lizards
  4 kobolds
  3 rats
84 creatures vanquished.

Notes
Turn   | Place    | Note
-------+----------+-------------------------------------------
     0 | D:1      | grandjackal the Demonspawn Gladiator began the quest for
                  | the Orb.
     0 | D:1      | Reached XP level 1. HP: 16/16 MP: 1/1
   192 | D:1      | Found a faded altar of an unknown god.
   310 | D:1      | Gained mutation: Your movements are slightly less
                  | encumbered by armour. (ER -2) [demonic ancestry]
   310 | D:1      | Reached XP level 2. HP: 22/22 MP: 2/2
   315 | D:1      | Found Gefemo's Magic Scroll Boutique.
   360 | D:1      | You fall into a shaft and drop 1 floor!
   632 | D:1      | Found Uruafung's Magic Scroll Shop.
   637 | D:1      | Found Ilaun's Distillery.
   715 | D:1      | Reached XP level 3. HP: 21/28 MP: 3/3
   764 | D:1      | Found Cyofis's Antique Weapon Emporium.
   831 | D:1      | Found Kati's General Store.
   838 | D:1      | Bought a potion of degeneration for 14 gold pieces
  2118 | D:3      | Reached skill level 1 in Shields
  2118 | D:3      | Gained mutation: You have a small tail. [demonic ancestry]
  2118 | D:3      | Reached XP level 4. HP: 25/35 MP: 4/4
  2662 | D:3      | Identified the +0 leather armour of Minor Irritation {rC+
                  | Str+2 Stlth+}
  2744 | D:2      | Reached XP level 5. HP: 29/41 MP: 5/5
  3331 | D:4      | Found a staircase to the Ecumenical Temple.
  3389 | D:4      | Noticed Robin
  3463 | D:4      | Killed Robin
  3660 | D:4      | Found a runed translucent door.
  3661 | D:4      | Noticed Crazy Yiuf
  3731 | D:4      | Reached XP level 6. HP: 23/48 MP: 6/6
  4252 | D:4      | Found a radiant altar of Vehumet.
  4284 | D:4      | Found a basalt altar of Yredelemnul.
  4350 | D:4      | Killed Crazy Yiuf
  4461 | D:5      | Entered Level 5 of the Dungeon
  4632 | D:4      | HP: 1/49 [gnoll bouda/+0 whip (2)]
  4633 | D:4      | Slain by a gnoll bouda

Illustrated notes

Levels and vault maps discovered:
D:1:      dpeg_arrival_stonehenge_8_columns, layout_basic, serial_shops,
          nicolae_shop_tiny_statue_garden, shop, nicolae_shop_trees, shop, shop,
          dreamdust_ecumenical_altar_grove
D:2:      layout_basic
D:3:      layout_loops_ring
D:4:      layout_loops_corners, mainiacjoe_overflow_two_lobes, temple_green,
          minmay_quantized, uniq_crazy_yiuf_cottage, uniq_robin
D:5:      layout_cave_pools, lemuel_tele_altar, serial_gnoll_camp,
          gnoll_camp_huts_basic, gnoll_camp_mini_hut, gnoll_camp_mini_basic,
          gnoll_camp_mini_hut

Skill      XL: |  1  2  3  4  5  6 |
---------------+-------------------+-----
Throwing       | 2 |  2.0
Axes           | 3 4 |  4.5
Dodging        | 3 |  3.0
Fighting       | 3 4 |  4.4
Shields        | 1 2 3 |  3.0

Action                     |  1- 3 |  4- 6 || total
---------------------------+-------+-------++-------
  Melee: War axe           |   112 |   158 ||   270
         Punch             |     1 |     2 ||     3
         Tailslap          |       |    16 ||    16
  Throw: Throwing net      |       |     1 ||     1
    Use: Potion            |     1 |       ||     1
   Stab: Sleeping          |       |     1 ||     1
 Armour: Leather armour    |    14 |    64 ||    78
         Ring mail         |    74 |    44 ||   118
  Dodge: Dodged            |    85 |   110 ||   195
  Block: Buckler           |       |    20 ||    20

Table legend: (Time is in decaauts)
 A = Elapsed time spent in this place.
 B = Non-inter-level travel time spent in this place.
 C = Inter-level travel time spent in this place.
 D = Time resting spent in this place.
 E = Time spent auto-exploring this place.
 F = Levels seen in this place.
 G = Mean time per level.
                   A        B        C        D        E       F      G
               +--------+--------+--------+--------+--------+-----+--------+
         Total |   4727 |   4629 |     98 |    667 |   3134 |   5 |  945.4 |
       Dungeon |   4727 |   4629 |     98 |    667 |   3134 |   5 |  945.4 |
               +--------+--------+--------+--------+--------+-----+--------+

Top non-repeatable levels by time:
     D:4: 1532 daAuts
     D:1: 1136 daAuts
     D:2: 1033 daAuts
     D:3: 962 daAuts
     D:5: 63 daAuts
